 Dungeon Sprint DCSS version 0.31-a0-940-gdaa99269f9 (webtiles) character file.

Game seed: 3216809020356618417

8500000 dialectric the Axe Maniac (level 27, -27/249 HPs)
             Began as a Formicid Gladiator on Oct 20, 2023.
             Was the Champion of Makhleb.
             Annihilated by a meat berserker
             ... wielding a +9 battleaxe
              (48 damage)
             ... in the Dungeon (Sprint VIII: "Arena of Blood").
             The game lasted 00:03:15 (85 turns).

dialectric the Axe Maniac (Formicid Gladiator)        Turns: 85, Time: 00:03:15

Health: -27/249    AC:  6    Str: 30    XL:     27
Magic:  34/53      EV: 27    Int: 11    God:    Makhleb [******]
Gold:   0          SH:  0    Dex: 15    Spells: 79/79 levels left

rFire   . . .        h - +∞ Axe of Woe
rCold   . . .        (no shield)
rNeg    . . .        b - +0 leather armour
rPois   .            (helmet unavailable)
rElec   .            (no cloak)
rCorr   .            (no gloves)
SInv    +            (no boots)
Will    ++...        (no amulet)
Stlth   +++++++++    (no ring)
HPRegen 0.61/turn    (no ring)
MPRegen 0.33/turn

%: no passive effects
@: no status effects
A: permanent stasis, dig shafts and tunnels, antennae 3, four strong arms
a: Dig, Renounce Religion, Minor Destruction, Lesser Servant of Makhleb, Major
Destruction, Greater Servant of Makhleb


You were in the Dungeon.
You worshipped Makhleb.
Makhleb was exalted by your worship.
You visited 1 branch

Inventory:

Hand Weapons
 a - a +0 war axe
 h - the +∞ Axe of Woe (weapon)
   (You found it in the Dungeon)
Missiles
 c - 3 throwing nets (quivered)
 d - a javelin
Armour
 b - a +0 leather armour (worn)
Jewellery
 i - a +30 ring of slaying
Potions
 e - a potion of curing
 f - a potion of heal wounds
 g - 2 potions of magic


   Skills:
 O Level 27 Fighting
 + Level 26.9(27) Short Blades
 + Level 26.7(27) Long Blades
 O Level 27 Axes
 + Level 26.6(27) Maces & Flails
 + Level 26.8(27) Polearms
 + Level 26.7(27) Staves
 + Level 26.7 Ranged Weapons
 O Level 27 Throwing
 O Level 27 Armour
 O Level 27 Dodging
 O Level 27 Stealth
 O Level 27 Shields
 + Level 26.7 Unarmed Combat
 + Level 26.7 Spellcasting
 + Level 24.7 Conjurations
 O Level 27 Hexes
 O Level 27 Summonings
 + Level 26.6 Necromancy
 + Level 24.7 Translocations
 O Level 27 Transmutations
 + Level 26.7 Fire Magic
 + Level 26.7 Ice Magic
 + Level 23.0 Air Magic
 O Level 27 Earth Magic
 O Level 27 Poison Magic
 O Level 27 Invocations
 O Level 27 Evocations
 O Level 27 Shapeshifting


You had 79 spell levels left.
You didn't know any spells.
Your spell library was empty.

Dungeon Overview and Level Annotations

Branches:
Dungeon (1/1)

Altars:
Makhleb


Innate Abilities, Weirdness & Mutations

You cannot be hasted, slowed, berserked, paralysed or teleported.
You can dig through walls and to a lower floor.
You have a pair of large antennae on your head. (SInv)
Your four strong arms can wield two-handed weapons with a shield.


Message History

The meat beast bites you!
The meat beast tramples you but does no damage.
The meat beast bites you! The meat beast tramples you.
You hold your ground!
You retract your mandibles.
You slice the meat beast!!
You slaughter the meat beast joyfully.
You kill the meat beast!
Makhleb accepts your kill.
You feel better.
Your life force feels restored.
Your base Short Blades skill increases to level 26!
Your base Long Blades skill increases to level 26!
Your base Maces & Flails skill increases to level 26!
Your base Polearms skill increases to level 26!
Your base Staves skill increases to level 26!
Your Ranged Weapons skill increases to level 26!
Your Unarmed Combat skill increases to level 26!
Your Spellcasting skill increases to level 26!
Your Conjurations skill increases to level 24!
You have mastered Summonings!
Your Necromancy skill increases to level 26!
Your Translocations skill increases to level 24!
Your Fire Magic skill increases to level 26!
Your Ice Magic skill increases to level 26!
Your Air Magic skill increases to level 22!
You have mastered Shapeshifting!
You hit the accursed but do no damage.
You hew the accursed violently.
You destroy the accursed!
Makhleb accepts your kill.
You feel better.
You feel extremely nervous for a moment...
Your body is wracked with pain!
Your Air Magic skill increases to level 23!
Unknown command.
The meat berserker hits you with a +9 battleaxe!!!!
* * * LOW HITPOINT WARNING * * *
The meat berserker rages.
Unknown command.
The meat berserker attacks as it pursues you!
The meat berserker hits you with a +9 battleaxe!!!
You die...

#........O#..
#.{..........
#.........#..
#o.§.#...z..)
#..oo##...)))
#)))).#..))o# ###
#{°{))M###oo.
##O###{{){O##)○))#
#@#.#{{{○○#)))))..
####O#{{..#○)))...
###{{...)))....
#............
#....L.......
#.........#..
#........#.#.
#.........#.#
#..###...# #.


You could see a meat berserker (berserk).

Vanquished Creatures
  A hell beast (D)
  A royal mummy (D)
  9 vampire knights (D)
  23 ogres (D)
  8 two-headed ogres (D)
  3 liches (D)
  87 orcs (D)
  5 skeletal warriors (D)
137 creatures vanquished.

Notes
Turn   | Place    | Note
-------+----------+-------------------------------------------
     0 | D        | Found the +∞ Axe of Woe
     0 | D        | dialectric the Formicid Gladiator began the quest for the
                  | Orb.
     0 | D        | Reached XP level 1. HP: 16/16 MP: 1/1
     4 | D        | Noticed a meat berserker
     4 | D        | Became a worshipper of Makhleb the Destroyer
     4 | D        | Noticed a meat berserker
     5 | D        | Killed a meat berserker
     6 | D        | Reached skill level 10 in Throwing
     6 | D        | Reached XP level 2. HP: 37/37 MP: 2/2
     6 | D        | Reached XP level 3. HP: 43/43 MP: 3/3
     6 | D        | Reached XP level 4. HP: 50/50 MP: 4/4
     6 | D        | Reached XP level 5. HP: 56/56 MP: 5/5
     6 | D        | Reached XP level 6. HP: 62/62 MP: 6/6
     6 | D        | Reached XP level 7. HP: 68/68 MP: 7/7
     6 | D        | Reached XP level 8. HP: 75/75 MP: 8/8
     6 | D        | Reached XP level 9. HP: 81/81 MP: 9/9
     6 | D        | Reached XP level 10. HP: 88/88 MP: 10/10
     6 | D        | Reached XP level 11. HP: 93/93 MP: 11/11
     6 | D        | Reached XP level 12. HP: 100/100 MP: 12/12
     6 | D        | Noticed a bag of meat
     7 | D        | Noticed a bag of meat
     9 | D        | Noticed a bag of meat
     9 | D        | Noticed a bag of meat
    10 | D        | Noticed a bag of meat
    10 | D        | Noticed a meat berserker
    10 | D        | Noticed a meat berserker
    11 | D        | Noticed a meat berserker
    11 | D        | Noticed a bag of meat
    11 | D        | Noticed a bag of meat
    11 | D        | Noticed a meat berserker
    11 | D        | Noticed a meat berserker
    11 | D        | Noticed a bag of meat
    11 | D        | Noticed a bag of meat
    11 | D        | Noticed a bag of meat
    11 | D        | Noticed a bag of meat
    12 | D        | Noticed a bag of meat
    12 | D        | Noticed a meat berserker
    12 | D        | Noticed a bag of meat
    12 | D        | Noticed a bag of meat
    12 | D        | Noticed a bag of meat
    12 | D        | Noticed a bag of meat
    12 | D        | Noticed a bag of meat
    13 | D        | Noticed a meat berserker
    13 | D        | Killed a meat berserker
    13 | D        | Reached * piety under Makhleb
    13 | D        | Killed a bag of meat
    13 | D        | Noticed a bag of meat
    13 | D        | Noticed a bag of meat
    14 | D        | Reached XP level 13. HP: 112/112 MP: 13/13
    14 | D        | Reached XP level 14. HP: 119/119 MP: 14/14
    14 | D        | Noticed a bag of meat
    14 | D        | Noticed a meat berserker
    14 | D        | Noticed a bag of meat
    14 | D        | Noticed a bag of meat
    14 | D        | Noticed a bag of meat
    14 | D        | Noticed a bag of meat
    14 | D        | Noticed a bag of meat
    14 | D        | Noticed a bag of meat
    14 | D        | Noticed a bag of meat
    14 | D        | Noticed a bag of meat
    14 | D        | Noticed a bag of meat
    14 | D        | Noticed a bag of meat
    15 | D        | Killed a meat berserker
    15 | D        | Killed a bag of meat
    15 | D        | Reached ** piety under Makhleb
    15 | D        | Killed a meat berserker
    16 | D        | Reached XP level 15. HP: 91/132 MP: 15/15
    16 | D        | Killed a meat berserker
    16 | D        | Killed a meat berserker
    16 | D        | Reached *** piety under Makhleb
    16 | D        | Noticed a meat berserker
    17 | D        | Reached skill level 27 in Axes
    17 | D        | Reached skill level 27 in Dodging
    17 | D        | Reached XP level 16. HP: 150/150 MP: 16/16
    17 | D        | Killed a meat berserker
    17 | D        | Killed a meat berserker
    17 | D        | Reached **** piety under Makhleb
    18 | D        | Reached skill level 27 in Fighting
    18 | D        | Reached XP level 17. HP: 174/174 MP: 17/17
    19 | D        | Reached skill level 27 in Throwing
    19 | D        | Reached XP level 18. HP: 182/182 MP: 18/18
    19 | D        | Killed a meat berserker
    19 | D        | Reached ***** piety under Makhleb
    20 | D        | Reached skill level 5 in Short Blades
    20 | D        | Reached skill level 5 in Long Blades
    20 | D        | Reached skill level 5 in Maces & Flails
    20 | D        | Reached skill level 5 in Polearms
    20 | D        | Reached skill level 5 in Staves
    20 | D        | Reached skill level 5 in Ranged Weapons
    20 | D        | Reached skill level 5 in Armour
    20 | D        | Reached skill level 5 in Unarmed Combat
    20 | D        | Reached skill level 5 in Spellcasting
    20 | D        | Reached skill level 5 in Summonings
    20 | D        | Reached skill level 5 in Necromancy
    20 | D        | Reached skill level 5 in Transmutations
    20 | D        | Reached skill level 5 in Fire Magic
    20 | D        | Reached skill level 5 in Ice Magic
    20 | D        | Reached skill level 5 in Evocations
    20 | D        | Reached skill level 5 in Shapeshifting
    20 | D        | Reached XP level 19. HP: 189/189 MP: 18/26
    20 | D        | Noticed a meat berserker
    21 | D        | Reached ****** piety under Makhleb
    21 | D        | Killed a meat berserker
    21 | D        | Noticed a meat berserker
    22 | D        | Noticed a meat berserker
    23 | D        | Reached skill level 10 in Hexes
    23 | D        | Reached skill level 10 in Earth Magic
    23 | D        | Reached skill level 10 in Invocations
    23 | D        | Reached XP level 20. HP: 197/197 MP: 18/32
    23 | D        | Killed a meat berserker
    24 | D        | Reached skill level 10 in Short Blades
    24 | D        | Reached skill level 10 in Long Blades
    24 | D        | Reached skill level 10 in Maces & Flails
    24 | D        | Reached skill level 10 in Polearms
    24 | D        | Reached skill level 10 in Staves
    24 | D        | Reached skill level 10 in Ranged Weapons
    24 | D        | Reached skill level 10 in Unarmed Combat
    24 | D        | Reached skill level 10 in Spellcasting
    24 | D        | Reached skill level 10 in Summonings
    24 | D        | Reached skill level 10 in Necromancy
    24 | D        | Reached skill level 10 in Fire Magic
    24 | D        | Reached skill level 10 in Ice Magic
    24 | D        | Reached skill level 10 in Shapeshifting
    24 | D        | Reached XP level 21. HP: 204/204 MP: 18/35
    24 | D        | Noticed a destroyer
    25 | D        | Noticed a destroyer
    26 | D        | Noticed a large bag of meat
    26 | D        | Killed a meat berserker
    26 | D        | Noticed a destroyer
    27 | D        | Reached skill level 27 in Armour
    27 | D        | Noticed a large bag of meat
    27 | D        | Killed a meat berserker
    27 | D        | Noticed a destroyer
    27 | D        | Noticed a meat berserker
    27 | D        | Noticed a large bag of meat
    28 | D        | Reached skill level 10 in Conjurations
    28 | D        | Reached skill level 10 in Translocations
    28 | D        | Reached XP level 22. HP: 212/212 MP: 19/37
    28 | D        | Noticed a large bag of meat
    29 | D        | Killed a destroyer
    29 | D        | Killed a destroyer
    29 | D        | Noticed a meat berserker
    30 | D        | Reached skill level 15 in Hexes
    30 | D        | Reached skill level 15 in Earth Magic
    30 | D        | Reached skill level 15 in Evocations
    30 | D        | Reached XP level 23. HP: 219/219 MP: 19/40
    31 | D        | Noticed a destroyer
    31 | D        | Noticed a large bag of meat
    32 | D        | Reached skill level 15 in Summonings
    32 | D        | Reached skill level 15 in Transmutations
    32 | D        | Reached skill level 15 in Shapeshifting
    32 | D        | Reached XP level 24. HP: 227/227 MP: 20/41
    32 | D        | Noticed a destroyer
    33 | D        | Killed a large bag of meat
    33 | D        | Killed a destroyer
    33 | D        | Killed a large bag of meat
    33 | D        | Noticed a large bag of meat
    34 | D        | Reached skill level 15 in Short Blades
    34 | D        | Reached skill level 15 in Long Blades
    34 | D        | Reached skill level 15 in Maces & Flails
    34 | D        | Reached skill level 15 in Polearms
    34 | D        | Reached skill level 15 in Staves
    34 | D        | Reached skill level 15 in Ranged Weapons
    34 | D        | Reached skill level 15 in Unarmed Combat
    34 | D        | Reached skill level 15 in Spellcasting
    34 | D        | Reached skill level 15 in Necromancy
    34 | D        | Reached skill level 15 in Fire Magic
    34 | D        | Reached skill level 15 in Ice Magic
    35 | D        | Reached skill level 15 in Conjurations
    35 | D        | Reached skill level 15 in Translocations
    35 | D        | Reached XP level 25. HP: 219/234 MP: 21/43
    35 | D        | Noticed a destroyer
    36 | D        | Killed a large bag of meat
    37 | D        | Killed a destroyer
    38 | D        | Reached skill level 15 in Air Magic
    38 | D        | Reached XP level 26. HP: 227/242 MP: 21/44
    38 | D        | Killed a large bag of meat
    38 | D        | Noticed a large bag of meat
    40 | D        | Noticed a large bag of meat
    42 | D        | Killed a large bag of meat
    43 | D        | Reached XP level 27. HP: 195/249 MP: 22/46
    43 | D        | Killed a destroyer
    46 | D        | Noticed an accursed
    48 | D        | Killed a destroyer
    50 | D        | Noticed an accursed
    52 | D        | Killed a large bag of meat
    52 | D        | Noticed a tyrant
    52 | D        | Noticed a destroyer
    53 | D        | Killed a large bag of meat
    54 | D        | Reached skill level 27 in Stealth
    54 | D        | Reached skill level 27 in Shields
    54 | D        | Reached skill level 27 in Poison Magic
    54 | D        | Reached skill level 27 in Invocations
    54 | D        | Noticed a destroyer
    56 | D        | Killed a destroyer
    57 | D        | Noticed a tyrant
    59 | D        | Noticed a tyrant
    61 | D        | Noticed a dread
    61 | D        | Killed a tyrant
    61 | D        | Killed a destroyer
    62 | D        | Reached skill level 27 in Hexes
    62 | D        | Reached skill level 27 in Earth Magic
    62 | D        | Noticed an accursed
    63 | D        | Killed a large bag of meat
    64 | D        | Reached skill level 27 in Evocations
    65 | D        | Killed a tyrant
    66 | D        | Noticed a dread
    66 | D        | Noticed a destroyer
    68 | D        | Killed a destroyer
    69 | D        | Noticed a tyrant
    69 | D        | Noticed a meat beast
    71 | D        | Reached skill level 27 in Transmutations
    72 | D        | Killed a tyrant
    78 | D        | Killed a meat beast
    79 | D        | Reached skill level 27 in Summonings
    79 | D        | Reached skill level 27 in Shapeshifting
    80 | D        | Killed an accursed
    85 | D        | Annihilated by a meat berserker

Illustrated notes

Levels and vault maps discovered:
D:        meatsprint

Skill      XL: |  1  2  3  4  5  6  7  8  9 10 11 12 13 14 15 16 17 18 19 20 21 22 23 24 25 26 27 |
---------------+----------------------------------------------------------------------------------+-----
Fighting       | 11 13 16 20 27 | 27.0
Axes           | 18 22 26 27 | 27.0
Throwing       | 10 12 14 17 22 27 | 27.0
Dodging        | 17 20 24 27 | 27.0
Short Blades   | 5 8 10 11 13 14 16 17 19 26 | 26.9
Long Blades    | 5 8 10 11 13 14 16 17 19 26 | 26.7
Maces & Flails | 5 8 10 11 13 14 16 17 19 26 | 26.6
Polearms       | 5 8 10 11 13 14 16 17 19 26 | 26.8
Staves         | 5 8 10 11 13 14 16 17 19 26 | 26.7
Ranged Weapons | 5 8 10 11 13 14 16 17 19 26 | 26.7
Armour         | 5 9 11 27 | 27.0
Stealth        | 7 11 13 14 17 18 20 22 24 27 | 27.0
Shields        | 7 11 13 14 17 18 20 22 24 27 | 27.0
Unarmed Combat | 5 8 10 11 13 14 16 17 19 26 | 26.7
Spellcasting   | 5 8 10 11 13 14 16 17 19 26 | 26.7
Conjurations   | 4 8 9 10 12 13 15 16 18 24 | 24.7
Hexes          | 6 10 12 13 15 16 19 20 22 27 | 27.0
Summonings     | 5 8 10 12 14 15 17 18 21 27 | 27.0
Necromancy     | 5 8 10 11 13 14 16 17 19 26 | 26.6
Translocations | 4 8 9 10 12 13 15 16 18 24 | 24.7
Transmutations | 5 9 11 12 14 15 17 19 21 27 | 27.0
Fire Magic     | 5 8 10 11 13 14 16 17 19 26 | 26.7
Ice Magic      | 5 8 10 11 13 14 16 17 19 26 | 26.7
Air Magic      | 4 7 8 9 11 12 13 15 16 23 | 23.0
Earth Magic    | 6 10 12 13 15 16 19 20 22 27 | 27.0
Poison Magic   | 7 11 13 14 17 18 20 22 24 27 | 27.0
Invocations    | 6 10 12 14 16 17 20 22 24 27 | 27.0
Evocations     | 5 9 11 13 15 16 18 20 22 27 | 27.0
Shapeshifting  | 5 8 10 12 14 15 17 18 21 27 | 27.0

Action                     |  1- 3 |  4- 6 |  7- 9 | 10-12 | 13-15 | 16-18 | 19-21 | 22-24 | 25-27 || total
---------------------------+-------+-------+-------+-------+-------+-------+-------+-------+-------++-------
  Melee: Executioner's axe |     1 |       |       |     1 |     2 |     3 |     5 |     4 |    32 ||    48
Ability: Dig               |       |       |       |       |       |       |       |       |     1 ||     1
 Armour: Leather armour    |       |       |       |       |     2 |       |     3 |     6 |    36 ||    47
  Dodge: Dodged            |       |       |       |       |       |       |     2 |     2 |     2 ||     6

Table legend: (Time is in decaauts)
 A = Elapsed time spent in this place.
 B = Non-inter-level travel time spent in this place.
 C = Inter-level travel time spent in this place.
 D = Time resting spent in this place.
 E = Time spent auto-exploring this place.
 F = Levels seen in this place.
 G = Mean time per level.
                   A        B        C        D        E       F      G
               +--------+--------+--------+--------+--------+-----+--------+
         Total |     71 |     71 |      0 |      0 |      0 |   1 |   71.0 |
       Dungeon |     71 |     71 |      0 |      0 |      0 |   1 |   71.0 |
               +--------+--------+--------+--------+--------+-----+--------+

Top non-repeatable levels by time:
       D: 71 daAuts
